woodfighter, chaotic female orcish Cavewoman ----- ---- |...-----..--- ------- |............| ----|.%...|-- --``.....|....| |....%%..%+.| |.......`|....| |.--|%....|-| |........|....| |.| |..(..@D| |---.------.---- |.| |..%).|-| |.......|......| |.| |.....+.| |.......|......| |.| |...).|-- |`.............| |.| ------- |.......|.....-- |.| |.......|.....| |)| --[--------...| |.| --.| ----- |.| |..----------------.| |...................| ------------------..| ---- woodfighter the Cave Woman Experience level: 10 Strength: 18/01 Dexterity: 15 Constitution: 18 Intelligence: 8 Wisdom: 9 Charisma: 8 Health: 0(101) Energy: 37(37) Def: 10 Gold: 0 Moves: 8887 Dungeon seed: AE4Tc-E1CosXUtzw Game ID: woodfighter_1475357023 Your Inventory: Weapons a - 5 +0 dwarvish spears (wielded) Armor e - an uncursed +0 dwarvish cloak (being worn) n - an uncursed +0 pair of speed boots (being worn) r - an uncursed +0 dented pot (being worn) y - an uncursed +0 elven shield (being worn) O - an uncursed +0 dwarvish mithril-coat (being worn) Comestibles d - 10 uncursed food rations g - an uncursed pear h - an uncursed pancake p - an uncursed carrot P - an uncursed tin of lichen Q - an uncursed lembas wafer W - 2 uncursed fortune cookies Z - an uncursed lizard corpse Tools o - a +0 pick-axe Gems q - an uncursed luckstone Spells and supernatural/magical abilities: Name Level Category Fail Memory W - pray for help -- divine ? -- Your skills at the end: Miscellaneous Skills bare handed combat [Basic] shield [Basic] Weapon Skills scimitar [Basic] club [Skilled] spear [Expert] sling [Basic] Spellcasting Skills Final Attributes: You were piously aligned. You were poison resistant. Your writing hand was ok. You were telepathic. You had infravision. You were somewhat stealthy. You were very fast. You were lucky. You had extra luck. Bad luck did not time out for you. Good luck did not time out for you. You are dead. Vanquished creatures: 3 giant mimics 4 large mimics a wumpus a stalker 5 small mimics a wood golem a large dog a flaming sphere a chameleon an ettin zombie a leather golem 3 giant beetles a wolf a lynx a panther a leprechaun a lizard 2 giant spiders a forest centaur 3 gnome kings a yeti 2 werewolves a dog 2 housecats 2 jaguars a dwarf lord a blue jelly a water nymph 2 gnome mummies a Woodland-elf a snake a rope golem 2 yellow lights 2 quasits a baby crocodile 2 wood nymphs 2 Mordor orcs an orc shaman a rock mole a rock piercer 3 ponies a fog cloud 3 shriekers 11 gnome lords 4 gnomish wizards a red naga hatchling 2 gray oozes a ghoul a paper golem a giant ant a puppy 3 floating eyes a kitten 18 dwarves a homunculus a kobold lord 6 iguanas 5 rothes a rabid rat 2 jitterbugs a giant bat a monkey 12 dwarf zombies a wererat a werejackal 2 killer bees a gas spore 4 hobbits 2 acid blobs 2 large kobolds 5 geckos a hobgoblin 8 giant rats 2 cave spiders a brown mold a yellow mold a green mold 2 red molds 52 gnomes 9 manes a gnome zombie 6 jackals 6 foxes 2 kobolds 4 newts 2 goblins 3 sewer rats 2 grid bugs 2 bats 6 lichens 272 creatures vanquished. Voluntary challenges: You did not cause conflict. You did not have reflection. You were not displaced. You used a wielded weapon 502 times, starting on turn 25. You did not apply a unicorn horn. You did not use plumbed fixtures. You did not drink any magical draughts. You read items or engraved 7 times, starting on turn 2990. You never genocided any monsters. You never polymorphed an object. You never changed form. You completed Sokoban on turn 8797, according to the rules. You used no wishes. You never split a pudding. You never wrote Elbereth's name. You never violated your personal moral code. Dungeon overview: The Dungeons of Doom: levels 1 to 10 Level 1 (locked) some fountains a long staircase Level 2 an armor shop, a fountain stairs to The Gnomish Mines Level 3 some fountains Level 4 Level 5 Level 6 a fountain, a sink Level 7 (vault) an armor shop Level 8 a general store, a fountain Level 9 many fountains Level 10 stairs to Sokoban The Gnomish Mines: levels 3 to 10 Level 3 stairs to The Dungeons of Doom Level 4 Level 5 many shops, a temple to Ishtar, a magic chest, some fountains Level 6 Level 7 Level 8 (locked) Level 9 Level 10 (locked) some altars to Moloch, a magic chest, some fountains Sokoban: levels 6 to 9 Level 6 <- You were here a magic chest Level 7 a delicatessen, a magic chest Level 8 Level 9 a magic chest stairs to The Dungeons of Doom History has recorded: On T:1 you entered the Dungeons of Doom to retrieve the Amulet of Yendor! On T:181 you advanced to experience level 2. On T:309 you reached level 2 of The Dungeons of Doom. On T:358 you reached level 3 of The Dungeons of Doom. On T:469 you reached level 1 of The Gnomish Mines. On T:606 you advanced to experience level 3. On T:660 you advanced to experience level 4. On T:700 you prayed to Anshar. On T:737 you advanced to experience level 5. On T:1204 you reached level 2 of The Gnomish Mines. On T:1612 you advanced to experience level 6. On T:1670 you reached level 3 of The Gnomish Mines. On T:2096 you entered the Minetown temple On T:2168 you opened a magic chest. On T:2594 you reached level 4 of The Gnomish Mines. On T:2669 you advanced to experience level 7. On T:2694 you reached level 5 of The Gnomish Mines. On T:3143 you reached level 6 of The Gnomish Mines. On T:3327 you reached level 7 of The Gnomish Mines. On T:3402 you advanced to experience level 8. On T:3951 you reached level 8 of The Gnomish Mines. On T:3951 you reached the bottom of the Mines. On T:4963 you reached level 4 of The Dungeons of Doom. On T:5139 you reached level 5 of The Dungeons of Doom. On T:5566 you reached level 6 of The Dungeons of Doom. On T:5756 you reached level 7 of The Dungeons of Doom. On T:5858 you reached level 8 of The Dungeons of Doom. On T:6363 you reached level 9 of The Dungeons of Doom. On T:6539 you advanced to experience level 9. On T:6568 you reached level 10 of The Dungeons of Doom. On T:6731 you reached level 4 of Sokoban. On T:6976 you reached level 3 of Sokoban. On T:7157 you reached level 2 of Sokoban. On T:7590 you reached level 1 of Sokoban. On T:8797 you advanced to experience level 10. On T:8797 you entered the Sokoban zoo. Score breakdown: Gold: 0 ( 0 points) Experience: 10 levels ( 900 points) Exploration: 10 levels ( 270 points) Discoveries: 20 items ( 1000 points) Variety of kills: 90 monsters ( 2000 points) Major goal: Sokoban/Mines ( 1500 points) Survival: died (score multiplied by 3) Total score: 17010 Latest messages: You carefully open the magic chest... a - an uncursed stout spear (weapon in hand). As you kick the door, it shatters to pieces! The green dragon breathes poison gas! The blast of poison gas whizzes by you! The blast of poison gas bounces! The green dragon bites! The green dragon claws you! (2x) You jab the green dragon. You jab the green dragon! The green dragon bites! The green dragon claws you! (2x) You jab the green dragon! (2x) You jab the green dragon. The green dragon bites! The green dragon claws you! (2x) You jab the green dragon! (2x) The green dragon bites! The green dragon claws you! (2x) You jab the green dragon. The green dragon bites! The green dragon claws you! (2x) You die... Final status: Goodbye woodfighter the Cavewoman, killed by a green dragon... You died in Sokoban on dungeon level 6 with 17010 points, and 0 pieces of gold, after 8887 moves. You were level 10 with a maximum of 101 hit points when you died.